 Dungeon Crawl Stone Soup version 0.30-b1-2-g02819fbbbe (webtiles) character file.

Game seed: 3632345863566031171

208 sanka the Digger (level 5, -4/40 HPs)
             Began as an Armataur Earth Elementalist on May 17, 2023.
             Slain by Pikel
             ... wielding a +2 whip of electrocution
              (7 damage)
             ... on level 4 of the Dungeon.
             The game lasted 00:05:40 (4123 turns).

sanka the Digger (Armataur Earth Elementalist)      Turns: 4123, Time: 00:05:41

Health: -4/40      AC:  5    Str: 13    XL:     5   Next: 55%
Magic:  3/8        EV:  9    Int: 17    God:
Gold:   185        SH:  0    Dex: 11    Spells: 2/8 levels left

rFire   . . .        r - +1 short sword (elec)
rCold   . . .        (no shield)
rNeg    + . .        a - +0 robe
rPois   .            (no helmet)
rElec   .            d - +0 cloak
rCorr   .            (no gloves)
SInv    .            (no barding)
Will    .....        (no amulet)
Stlth   ++           p - ring of positive energy
HPRegen 0.26/turn    (no ring)
MPRegen 0.11/turn

%: roll
@: very slightly contaminated
A: large, rugged brown scales 3, deformed body, armoured tail, roll, long
tongue, awkward tongue
a: no special abilities


You were on level 4 of the Dungeon.
You visited 1 branch of the dungeon, and saw 4 of its levels.

You collected 185 gold pieces.

Inventory:

Hand Weapons
 r - a +1 short sword of electrocution (weapon)
 s - a +2 falchion of venom
Armour
 a - a +0 robe (worn)
 d - a +0 cloak (worn)
Jewellery
 p - a ring of positive energy (left hand)
Scrolls
 c - a scroll of acquirement {unknown}
 f - a scroll of teleportation {unknown}
 i - a scroll of immolation {unknown}
 j - 4 scrolls of identify {unknown}
 k - a scroll of blinking {unknown}
 m - a scroll of vulnerability {unknown}
 o - a scroll of enchant armour {unknown}
 q - 2 scrolls of summoning {unknown}
 u - a scroll of brand weapon {unknown}
Potions
 b - 3 potions of magic
 e - 3 potions of degeneration {unknown}
 g - a potion of resistance {unknown}
 h - 2 potions of haste {unknown}
 l - 2 potions of curing {unknown}
 n - a potion of might {unknown}
 t - a potion of invisibility {unknown}


   Skills:
 - Level 1.3 Dodging
 - Level 2.1 Stealth
 - Level 2.0 Spellcasting
 + Level 1.0 Conjurations
 - Level 1.0 Transmutations
 + Level 5.5 Earth Magic


You had 2 spell levels left.
You knew the following spells:

 Your Spells              Type           Power      Damage    Failure   Level
a - Sandblast             Erth           40%        2d10      1%          1
b - Passwall              Tmut/Erth      10%        N/A       8%          2
c - Stone Arrow           Conj/Erth      24%        3d8       16%         3

Your spell library contained the following spells:

 Spells                   Type           Power      Damage    Failure   Level
 Petrify                  Tmut/Erth      12%        N/A       45%         4


Dungeon Overview and Level Annotations

Branches:
Dungeon (4/15)
 Temple: D:4-7

Altars:
Makhleb

Shops:
D:1 *

Annotations:
D:4 Dowan, Duvessa, Pikel


Innate Abilities, Weirdness & Mutations

You are completely covered in rugged brown scales. (AC +3, +7% HP)
Armour fits poorly on your strangely shaped body.
You have a long armoured tail.
You roll when moving toward enemies. (Rampage)
Your long tongue fully drains potion bottles. (2x potion effects)
Your tongue gives you trouble enunciating. (1.5x scroll delay)


Message History

HP restored.
You climb downwards.
Level annotation: Dowan, Duvessa, Pikel
There is a stone staircase leading up, spattered with blood here.
Unknown command.
The blast of sand hits Pikel.
Pikel is lightly wounded.
The blast of sand hits Pikel!
Pikel is heavily wounded.
Pikel barely misses you.
You miscast Sandblast.
You are very lightly contaminated with residual magic.
Nothing appears to happen.
Pikel hits you with a +2 whip of electrocution.
You are electrocuted!
The blast of sand hits Pikel!
Pikel is severely wounded.
Pikel hits you with a +2 whip of electrocution.
You are too injured to fight recklessly!
Casting: Sandblast (safe; 1% risk of failure)
Confirm with . or Enter, or press ? or * to list all spells.
Aiming: Sandblast (safe; 1% risk of failure)
Press: ? - help, Shift-Dir - straight line, f/p - Pikel
Aim: Pikel, wielding a +2 whip of electrocution and wearing a +0 robe (severely wounded, 79% to hit)
The blast of sand hits Pikel.
Pikel is almost dead.
Pikel hits you with a +2 whip of electrocution!
* * * LOW HITPOINT WARNING * * *
Pikel hits you with a +2 whip of electrocution!
* * * LOW HITPOINT WARNING * * *
Unknown command.
Casting: Sandblast (safe; 1% risk of failure)
Confirm with . or Enter, or press ? or * to list all spells.
Aiming: Sandblast (safe; 1% risk of failure)
Press: ? - help, Shift-Dir - straight line, f/p - Pikel
Aim: Pikel, wielding a +2 whip of electrocution and wearing a +0 robe (almost dead, 79% to hit)
The blast of sand hits Pikel but does no damage.
Pikel is almost dead.
Pikel hits you with a +2 whip of electrocution!
You die...

######.e...## #.#...#.#.#.#
#........#..####.#.#.#..)..#
#........e..)....#.#.#..####.
#........#####...).#.........#
#........# #.....)....#.#####
#........# #.##.....#.#.#
..........# #..#.#>....#.#
########### ###K#.#..####.#
#..@#.#..# #####.#..########
..#K......... ###.#########
#.# #####.# #.....# #.#####
#.###.#


You could see Pikel.

Vanquished Creatures
  2 lemures
  A scorpion (D:4)
  An iguana (D:4)
  4 gnolls (D:4)
  An adder (D:3)
  An ufetubus (D:3)
  2 dart slugs (D:1)
  An orc (D:3)
  7 ball pythons
  6 endoplasms
  3 giant cockroaches
  6 hobgoblins
  5 quokkas
  5 bats
  5 frilled lizards
  6 goblins
  5 kobolds
  3 rats
64 creatures vanquished.

Notes
Turn   | Place    | Note
-------+----------+-------------------------------------------
     0 | D:1      | sanka the Armataur Earth Elementalist began the quest for
                  | the Orb.
     0 | D:1      | Reached XP level 1. HP: 14/14 MP: 3/3
    29 | D:1      | Reached skill level 1 in Transmutations
   111 | D:1      | Reached skill level 3 in Earth Magic
   178 | D:1      | Found Hux Laorel's General Store.
   195 | D:1      | Reached XP level 2. HP: 8/21 MP: 1/5
  1240 | D:2      | Reached XP level 3. HP: 24/27 MP: 0/6
  2060 | D:3      | Reached skill level 4 in Earth Magic
  2217 | D:3      | Found a burning altar of Makhleb.
  2456 | D:3      | Reached XP level 4. HP: 35/35 MP: 5/7
  2767 | D:4      | Noticed Dowan
  2768 | D:4      | Noticed Duvessa
  3073 | D:4      | Noticed a scorpion
  3201 | D:4      | Learned a level 2 spell: Passwall
  3209 | D:4      | Killed a scorpion
  3210 | D:4      | Reached skill level 5 in Earth Magic
  3210 | D:4      | Reached XP level 5. HP: 32/40 MP: 2/8
  3262 | D:4      | Learned a level 3 spell: Stone Arrow
  3384 | D:4      | HP: 2/40 [Duvessa/+0 short sword (9)]
  3856 | D:4      | Reached skill level 1 in Conjurations
  3959 | D:4      | Noticed a lemure
  3960 | D:4      | Noticed a lemure
  3962 | D:4      | Noticed a lemure
  3970 | D:4      | Killed a lemure
  3973 | D:4      | Noticed a lemure
  3982 | D:4      | Noticed Pikel
  4022 | D:3      | Killed a lemure
  4123 | D:4      | Slain by Pikel

Illustrated notes

Levels and vault maps discovered:
D:1:      dpeg_arrival_radiant, layout_basic, serial_shops, nicolae_shop_crystal
D:2:      layout_basic
D:3:      layout_loops_ring, mainiacjoe_overflow_surrounded_room,
          roderic_roman_lattice, minmay_crystal_water, grunt_ministairs_15
D:4:      layout_basic, minmay_fractal_squares_diagonal_5, uniq_duvessa,
          uniq_pikel

Skill      XL: |  1  2  3  4  5 |
---------------+----------------+-----
Transmutations | 1 |  1.0
Spellcasting   | 2 |  2.0
Earth Magic    | 3 4 5 |  5.5
Conjurations   | 1 |  1.0
Dodging        | |  1.3
Stealth        | |  2.1

Action                     |  1- 3 |  4- 6 || total
---------------------------+-------+-------++-------
  Melee: Unarmed           |    20 |       ||    20
         Tailslap          |     3 |     3 ||     6
         Short sword       |       |    18 ||    18
   Cast: Sandblast         |    67 |    63 ||   130
         Stone Arrow       |       |     3 ||     3
         Passwall          |       |     1 ||     1
    Use: Potion            |       |     2 ||     2
   Stab: Sleeping          |     1 |       ||     1
 Armour: Robe              |    16 |    17 ||    33
  Dodge: Dodged            |    23 |    40 ||    63
